Canucks vs Bruins
(R1)
Created - November 4, 2024 at 19:20
Goals
|
Canucks |
1 |
1 |
2 |
4 |
Bruins |
0 |
1 |
1 |
2 |
|
Shots
|
Canucks |
7 |
8 |
12 |
27 |
Bruins |
11 |
7 |
10 |
28 |
|
1st period
1. Canucks , Yanni Gourde 2 (Alex Goligoski 1, Matt Martin 1) at 10:24
Penalties :
Jason Demers (Bos) for Boarding (Minor) at 10:27, Tony DeAngelo (Van) for Tripping (Minor) at 10:50
2nd period
2. Bruins , Andreas Athanasiou 2 (Casey Cizikas 3, Torey Krug 3) at 13:50
3. Canucks , Tony DeAngelo 3 (Oliver Ekman-Larsson 5) at 17:54 (PP)
Penalties :
Gabriel Landeskog (Bos) for Holding (Minor) at 0:27, Jonathan Toews (Bos) for Goalie Interference (Minor) at 5:03, Ben Harpur (Van) for Tripping (Minor) at 10:31, Wojtek Wolski (Bos) for Cross-checking (Minor) at 16:58, Tony DeAngelo (Van) for Tripping (Minor) at 18:54
3rd period
4. Bruins , Zack Kassian 3 (Madison Bowey 4, Gabriel Landeskog 3) at 4:53 (PP)
5. Canucks , Denis Gurianov 2 (Robert Nilsson 1) at 5:44
6. Canucks , Oliver Ekman-Larsson 1 (Denis Gurianov 3, Yanni Gourde 3) at 6:41 (PP)
Penalties :
Mark Stone (Bos) for Interference (Minor) at 1:12, J.T. Miller (Van) for Holding (Minor) at 4:38, Mark Stone (Bos) for Interference (Minor) at 5:51, Robert Nilsson (Van) for Tripping (Minor) at 10:42
Goalie Stats
Petr Mrazek (Van), 26 saves from 28 shots - (0.929), W, 3-4-0, 60:00 minutes
Kevin Poulin (Bos), 23 saves from 27 shots - (0.852), L, 2-3-1, 60:00 minutes
Players Stats for Canucks
Player Name G A P +/- PIM S H SB GA TA FO MP PP MP PK MP
------------------------------------------------------------------------------------
Alex Goligoski 0 1 1 1 0 2 0 1 0 1 0/0 11:47 0:35 0:56
Ben Harpur 0 0 0 0 2 0 0 1 0 0 0/0 21:09 1:53 2:29
Brock Boeser 0 0 0 1 0 0 2 1 1 0 1/1 18:39 4:49 2:04
Chris Tierney 0 0 0 -1 0 0 1 2 0 0 15/36 25:07 4:49 3:29
Denis Gurianov 1 1 2 1 0 2 1 1 0 0 1/2 15:18 3:03 1:35
Gilbert Brule 0 0 0 0 0 1 1 0 0 0 2/5 9:45 0:14 0:21
J.T. Miller 0 0 0 -1 2 2 0 0 2 1 1/2 25:09 5:03 3:08
Jason Spezza 0 0 0 1 0 0 0 0 0 0 0/0 8:36 0:14 0:00
Jordan Eberle 0 0 0 0 0 4 1 0 1 0 1/1 19:43 3:03 1:31
Mark Jankowski 0 0 0 0 0 1 1 0 0 0 0/0 8:48 0:00 0:00
Matt Martin 0 1 1 1 0 2 2 0 0 0 0/0 7:43 0:00 0:00
Oliver Ekman-Larsson 1 1 2 -1 0 2 3 5 1 0 0/0 28:42 5:38 2:48
Robert Nilsson 0 1 1 1 2 0 2 0 0 1 1/4 11:53 0:00 1:02
Tony DeAngelo 1 0 1 0 4 5 0 3 1 0 0/0 23:37 5:37 0:22
Travis Hamonic 0 0 0 0 0 0 2 1 0 0 0/0 22:06 1:53 3:31
Tyler Cuma 0 0 0 1 0 0 1 0 0 0 0/0 14:10 0:35 3:04
Tyler Kennedy 0 0 0 0 0 0 1 1 1 0 0/0 8:22 0:00 0:00
Yanni Gourde 1 1 2 1 0 6 1 0 0 0 1/4 11:10 3:03 0:00
Players Stats for Bruins
Player Name G A P +/- PIM S H SB GA TA FO MP PP MP PK MP
------------------------------------------------------------------------------------
Adam Pelech 0 0 0 0 0 1 3 1 0 0 0/0 11:55 0:00 0:00
Alexander Wennberg 0 0 0 -2 0 1 0 0 2 1 6/10 18:21 2:42 2:50
Andreas Athanasiou 1 0 1 1 0 3 3 0 0 1 0/1 14:09 0:00 1:50
Brett Pesce 0 0 0 0 0 0 0 0 0 1 0/0 2:51 0:00 0:00
Casey Cizikas 0 1 1 1 0 1 4 0 0 0 1/1 12:55 0:23 0:32
Eric Wellwood 0 0 0 1 0 1 1 1 0 0 0/0 14:24 0:26 1:03
Gabriel Landeskog 0 1 1 0 2 2 1 2 0 1 7/12 25:47 3:27 3:45
Jason Demers 0 0 0 -1 2 4 3 0 0 0 0/0 27:20 4:41 4:30
John Quenneville 0 0 0 0 0 0 0 0 0 0 3/4 6:18 0:00 0:00
Jonathan Toews 0 0 0 0 2 0 0 0 0 0 12/22 17:57 3:30 1:01
Josh Manson 0 0 0 0 0 0 0 0 0 1 0/0 20:19 1:54 3:13
Madison Bowey 0 1 1 -1 0 1 1 2 0 1 0/0 26:09 4:41 4:53
Mark Stone 0 0 0 -2 4 1 0 1 0 0 2/2 15:42 2:42 0:00
Mattias Ekholm 0 0 0 0 0 1 0 2 1 0 0/0 11:38 0:23 0:23
Torey Krug 0 1 1 0 0 2 0 0 0 0 0/0 20:19 1:54 3:13
Wojtek Wolski 0 0 0 -2 2 3 1 1 0 0 0/1 15:23 2:42 0:07
Zack Kassian 1 0 1 0 0 7 0 0 0 1 1/2 22:27 3:30 5:04
Zemgus Girgensons 0 0 0 0 0 0 1 0 0 0 0/0 6:18 0:00 0:00
3 Stars
1 - Denis Gurianov (Van)
2 - Oliver Ekman-Larsson (Van)
3 - Yanni Gourde (Van)
Power Play
Canucks - 2 on 6 Attempt(s) - 33.33%
Bruins - 1 on 5 Attempt(s) - 20.00%
Penalty Kill
Canucks - 4 on 5 Attempt(s) - 80.00%
- Score 0 goal in Penalty Kill
Bruins - 4 on 6 Attempt(s) - 66.67%
- Score 0 goal in Penalty Kill
Team Stat
Canucks - Hits : 19 - Faceoff Wins : 23 - Blocked Shots : 16 - Penalty Minutes : 10
Bruins - Hits : 18 - Faceoff Wins : 32 - Blocked Shots : 10 - Penalty Minutes : 12
Official
Referees : Brad Meier and Beaudry Halkidis
Linesman : Kyle Flemington and Ryan Gibbons
Game Notes
No Game Note
Finance
Level 1 -- Attendance: 6000 (100.00%) -- Ticket Income $600,000
Level 2 -- Attendance: 4861 (97.22%) -- Ticket Income $340,270
Level 3 -- Attendance: 1805 (90.25%) -- Ticket Income $72,200
Level 4 -- Attendance: 4000 (100.00%) -- Ticket Income $120,000
Luxury Box -- Attendance: 883 (88.30%) -- Ticket Income $176,600
Game was played at the TD Garden.
Total Attendance: 17549 (97.49%)
Total Ticket Income: $1,309,070
Other Income: $196,360
Total Income: $1,505,430
Canucks
5 vs 5 Forward
Center Left Wing Right Wing Time % Phy DF OF
1 Chris Tierney J.T. Miller Jordan Eberle 55 0 0 5
2 Robert Nilsson Denis Gurianov Brock Boeser 30 0 0 5
3 Yanni Gourde Matt Martin Jason Spezza 11 2 3 0
4 Gilbert Brule Mark Jankowski Tyler Kennedy 4 3 2 0
5 vs 5 Defense
Defense Defense Time % Phy DF OF
1 Oliver Ekman-Larsson Tony DeAngelo 55 0 0 5
2 Travis Hamonic Ben Harpur 30 1 2 2
3 Tyler Cuma Alex Goligoski 11 2 3 0
4 Oliver Ekman-Larsson Travis Hamonic 4 1 2 2
PowerPlay Forward
Center Left Wing Right Wing Time % Phy DF OF
1 Chris Tierney J.T. Miller Brock Boeser 65 0 0 5
2 Yanni Gourde Denis Gurianov Jordan Eberle 35 0 0 5
PowerPlay Defense
Defense Defense Time % Phy DF OF
1 Oliver Ekman-Larsson Tony DeAngelo 65 0 0 5
2 Ben Harpur Travis Hamonic 35 0 0 5
Penalty Kill 4 Players Forward
Center Wing Time % Phy DF OF
1 Chris Tierney J.T. Miller 60 3 2 0
2 Robert Nilsson Jordan Eberle 40 3 2 0
Penalty Kill 4 Players Defense
Defense Defense Time % Phy DF OF
1 Oliver Ekman-Larsson Travis Hamonic 60 3 2 0
2 Ben Harpur Tyler Cuma 40 3 2 0
Penalty Kill - 3 Players Forward
Forward Time % Phy DF OF
1 Chris Tierney 60 2 3 0
2 Robert Nilsson 40 2 3 0
Penalty Kill - 3 Players Defense
Defense Defense Time % Phy DF OF
1 Oliver Ekman-Larsson Travis Hamonic 60 3 2 0
2 Ben Harpur Tyler Cuma 40 3 2 0
4 vs 4 Forward
Center Wing Time % Phy DF OF
1 Chris Tierney J.T. Miller 60 0 0 5
2 Yanni Gourde Brock Boeser 40 1 2 2
4 vs 4 Defense
Defense Defense Time % Phy DF OF
1 Oliver Ekman-Larsson Tony DeAngelo 60 1 2 2
2 Travis Hamonic Ben Harpur 40 1 2 2
Last Minutes Offensive
Center Left Wing Right Wing Defense Defense
Chris Tierney J.T. Miller Brock Boeser Oliver Ekman-Larsson Tony DeAngelo
Last Minutes Defensive
Center Left Wing Right Wing Defense Defense
Chris Tierney J.T. Miller Brock Boeser Oliver Ekman-Larsson Tony DeAngelo
Goaltenders
Starting : Petr Mrazek
Backup : Matt Hackett
Extra Forwards
Normal : Brock Boeser, Denis Gurianov, Jordan Eberle - PP : Brock Boeser, Denis Gurianov - PK : Brock Boeser
Extra Defensemen
Normal : Tony DeAngelo, Ben Harpur, Travis Hamonic - PP : Tyler Cuma - PK : Tony DeAngelo, Ben Harpur
Penalty Shots
J.T. Miller, Jordan Eberle, Chris Tierney, Denis Gurianov, Brock Boeser
Custom OT Lines Forwards
J.T. Miller, Jordan Eberle, Chris Tierney, Brock Boeser, Denis Gurianov, Matt Martin, Robert Nilsson, Jason Spezza, Gilbert Brule, Tyler Kennedy
Custom OT Lines Defensemen
Oliver Ekman-Larsson, Tony DeAngelo, Travis Hamonic, Ben Harpur, Tyler Cuma
Scratches
None
Bruins
5 vs 5 Forward
Center Left Wing Right Wing Time % Phy DF OF
1 Jonathan Toews Gabriel Landeskog Zack Kassian 40 1 2 2
2 Alexander Wennberg Wojtek Wolski Mark Stone 30 1 2 2
3 Casey Cizikas Eric Wellwood Andreas Athanasiou 20 1 2 2
4 John Quenneville Zemgus Girgensons Gabriel Landeskog 10 1 2 2
5 vs 5 Defense
Defense Defense Time % Phy DF OF
1 Jason Demers Madison Bowey 40 1 2 2
2 Torey Krug Josh Manson 30 1 2 2
3 Adam Pelech Mattias Ekholm 20 1 2 2
4 Brett Pesce Jason Demers 10 1 2 2
PowerPlay Forward
Center Left Wing Right Wing Time % Phy DF OF
1 Jonathan Toews Gabriel Landeskog Zack Kassian 60 1 2 2
2 Alexander Wennberg Wojtek Wolski Mark Stone 40 1 2 2
PowerPlay Defense
Defense Defense Time % Phy DF OF
1 Jason Demers Madison Bowey 60 1 2 2
2 Torey Krug Josh Manson 40 1 2 2
Penalty Kill 4 Players Forward
Center Wing Time % Phy DF OF
1 Gabriel Landeskog Zack Kassian 60 1 2 2
2 Jonathan Toews Alexander Wennberg 40 1 2 2
Penalty Kill 4 Players Defense
Defense Defense Time % Phy DF OF
1 Jason Demers Madison Bowey 60 1 2 2
2 Torey Krug Josh Manson 40 1 2 2
Penalty Kill - 3 Players Forward
Forward Time % Phy DF OF
1 Gabriel Landeskog 60 1 2 2
2 Zack Kassian 40 1 2 2
Penalty Kill - 3 Players Defense
Defense Defense Time % Phy DF OF
1 Jason Demers Madison Bowey 60 1 2 2
2 Torey Krug Josh Manson 40 1 2 2
4 vs 4 Forward
Center Wing Time % Phy DF OF
1 Gabriel Landeskog Zack Kassian 60 1 2 2
2 Jonathan Toews Alexander Wennberg 40 1 2 2
4 vs 4 Defense
Defense Defense Time % Phy DF OF
1 Jason Demers Madison Bowey 60 1 2 2
2 Torey Krug Josh Manson 40 1 2 2
Last Minutes Offensive
Center Left Wing Right Wing Defense Defense
Jonathan Toews Gabriel Landeskog Zack Kassian Jason Demers Madison Bowey
Last Minutes Defensive
Center Left Wing Right Wing Defense Defense
Jonathan Toews Gabriel Landeskog Zack Kassian Jason Demers Madison Bowey
Goaltenders
Starting : Kevin Poulin
Backup : Tuukka Rask
Extra Forwards
Normal : Eric Wellwood, Casey Cizikas, Andreas Athanasiou - PP : Eric Wellwood, Casey Cizikas - PK : Andreas Athanasiou
Extra Defensemen
Normal : Adam Pelech, Mattias Ekholm, Brett Pesce - PP : Adam Pelech - PK : Mattias Ekholm, Brett Pesce
Penalty Shots
Gabriel Landeskog, Zack Kassian, Jonathan Toews, Alexander Wennberg, Wojtek Wolski
Custom OT Lines Forwards
Gabriel Landeskog, Zack Kassian, Jonathan Toews, Alexander Wennberg, Wojtek Wolski, Mark Stone, Eric Wellwood, Casey Cizikas, Andreas Athanasiou, Zemgus Girgensons
Custom OT Lines Defensemen
Jason Demers, Madison Bowey, Torey Krug, Josh Manson, Adam Pelech
Scratches
Craig Smith (Sprained Right Finger Injury), Walker Duehr (Healthy)
% Time on Ice - Canucks
Lines # - Real PCT - Wanted PCT - Time Play
Normal Forward
1 - 38% - 55% - 16:43
2 - 25% - 30% - 10:55
3 - 18% - 11% - 7:43
4 - 19% - 4% - 8:22
Normal Defense
1 - 45% - 55% - 19:33
2 - 32% - 30% - 13:54
3 - 23% - 11% - 10:16
4 - 0% - 4% - 0:00
PP Forward
1 - 62% - 65% - 5:03
2 - 38% - 35% - 3:03
PP Defense
1 - 77% - 65% - 6:13
2 - 23% - 35% - 1:53
PK Forward
1 - 77% - 60% - 5:04
2 - 23% - 40% - 1:31
PK Defense
1 - 48% - 60% - 3:08
2 - 52% - 40% - 3:27
PK3 Forward
1 - 0% - 60%
2 - 0% - 40%
PK3 Defense
1 - 0% - 60%
2 - 0% - 40%
44 Forward
1 - 78% - 60% - 1:15
2 - 22% - 40% - 0:21
44 Defense
1 - 75% - 60% - 1:12
2 - 25% - 40% - 0:24
Last Minute Offensive - 0:00
Last Minute Defensive - 0:00
Total
Forward - 60:00
Defense - 60:00
|
% Time on Ice - Bruins
Lines # - Real PCT - Wanted PCT - Time Play
Normal Forward
1 - 33% - 40% - 14:13
2 - 29% - 30% - 12:28
3 - 25% - 20% - 10:44
4 - 14% - 10% - 6:18
Normal Defense
1 - 35% - 40% - 15:26
2 - 34% - 30% - 14:45
3 - 24% - 20% - 10:41
4 - 7% - 10% - 2:51
PP Forward
1 - 59% - 60% - 3:53
2 - 41% - 40% - 2:42
PP Defense
1 - 71% - 60% - 4:41
2 - 29% - 40% - 1:54
PK Forward
1 - 78% - 60% - 6:17
2 - 22% - 40% - 1:49
PK Defense
1 - 60% - 60% - 4:53
2 - 40% - 40% - 3:13
PK3 Forward
1 - 0% - 60%
2 - 0% - 40%
PK3 Defense
1 - 0% - 60%
2 - 0% - 40%
44 Forward
1 - 75% - 60% - 1:12
2 - 25% - 40% - 0:24
44 Defense
1 - 72% - 60% - 1:09
2 - 28% - 40% - 0:27
Last Minute Offensive - 0:00
Last Minute Defensive - 0:00
Total
Forward - 60:00
Defense - 60:00
|
Play-by-Play
1st period
0:01 of 1st period - Jonathan Toews wins face-off versus Chris Tierney in neutral zone.
0:06 of 1st period - Wrist shot by Gabriel Landeskog.
0:06 of 1st period - Stopped by Petr Mrazek with a rebound.
0:08 of 1st period - Snap shot by Madison Bowey.
0:08 of 1st period - Shot Blocked by Tony DeAngelo.
0:10 of 1st period - Slapshot by Jason Demers.
0:10 of 1st period - Stopped by Petr Mrazek without a rebound.
0:11 of 1st period - Alexander Wennberg wins face-off versus Robert Nilsson in Canucks zone.
1:15 of 1st period - J.T. Miller is hit by Andreas Athanasiou and loses puck.
2:04 of 1st period - J.T. Miller is hit by Andreas Athanasiou and loses puck.
2:19 of 1st period - Slapshot by Oliver Ekman-Larsson.
2:19 of 1st period - Shot Misses the Net.
2:30 of 1st period - Icing by Oliver Ekman-Larsson.
2:31 of 1st period - Gilbert Brule wins face-off versus John Quenneville in Canucks zone.
3:00 of 1st period - Wrist shot by Mark Jankowski.
3:00 of 1st period - Stopped by Kevin Poulin without a rebound.
3:01 of 1st period - Chris Tierney wins face-off versus Wojtek Wolski in Bruins zone.
3:34 of 1st period - Snap shot by Mark Stone.
3:34 of 1st period - Shot Blocked by Alex Goligoski.
3:36 of 1st period - Slapshot by Mattias Ekholm.
3:36 of 1st period - Stopped by Petr Mrazek without a rebound.
3:37 of 1st period - Jonathan Toews wins face-off versus Chris Tierney in Canucks zone.
4:06 of 1st period - Snap shot by Casey Cizikas.
4:06 of 1st period - Shot Blocked by Oliver Ekman-Larsson.
4:08 of 1st period - Wrist shot by Andreas Athanasiou.
4:08 of 1st period - Shot Misses the Net.
4:10 of 1st period - Slapshot by Jason Demers.
4:10 of 1st period - Shot Blocked by Oliver Ekman-Larsson.
4:12 of 1st period - Slapshot by Jason Demers.
4:12 of 1st period - Stopped by Petr Mrazek with a rebound.
4:14 of 1st period - Slapshot by Andreas Athanasiou.
4:14 of 1st period - Stopped by Petr Mrazek with a rebound.
4:24 of 1st period - Snap shot by Yanni Gourde.
4:24 of 1st period - Stopped by Kevin Poulin with a rebound.
4:26 of 1st period - Wrist shot by Matt Martin.
4:26 of 1st period - Stopped by Kevin Poulin without a rebound.
4:27 of 1st period - John Quenneville wins face-off versus Yanni Gourde in Bruins zone.
4:32 of 1st period - Alex Goligoski is hit by Zemgus Girgensons and loses puck.
5:25 of 1st period - Snap shot by Mark Stone.
5:25 of 1st period - Shot Misses the Net.
5:55 of 1st period - Travis Hamonic is hit by Casey Cizikas and loses puck.
6:10 of 1st period - Alexander Wennberg is hit by Matt Martin and loses puck.
7:21 of 1st period - Slapshot by Yanni Gourde.
7:21 of 1st period - Shot Misses the Net.
7:23 of 1st period - Wrist shot by Alex Goligoski.
7:23 of 1st period - Deflect By Yanni Gourde.
7:23 of 1st period - Shot Blocked by Eric Wellwood.
7:23 of 1st period - Puck is out of play.
7:24 of 1st period - Chris Tierney wins face-off versus Jonathan Toews in Bruins zone.
7:51 of 1st period - Tyler Cuma is hit by Wojtek Wolski and loses puck.
8:29 of 1st period - Slapshot by Casey Cizikas.
8:29 of 1st period - Shot Blocked by Tony DeAngelo.
9:07 of 1st period - Travis Hamonic is hit by Jason Demers and loses puck.
9:20 of 1st period - Adam Pelech is hit by Robert Nilsson and loses puck.
9:25 of 1st period - Snap shot by Denis Gurianov.
9:25 of 1st period - Stopped by Kevin Poulin without a rebound.
9:26 of 1st period - J.T. Miller wins face-off versus Jonathan Toews in Bruins zone.
9:37 of 1st period - Snap shot by Chris Tierney.
9:37 of 1st period - Deflect By Jordan Eberle.
9:37 of 1st period - Stopped by Kevin Poulin with a rebound.
9:51 of 1st period - Tyler Cuma is hit by Casey Cizikas and loses puck.
10:18 of 1st period - Wrist shot by Matt Martin.
10:18 of 1st period - Shot Blocked by Madison Bowey.
10:22 of 1st period - Snap shot by Yanni Gourde.
10:22 of 1st period - Shot Blocked by Wojtek Wolski.
10:24 of 1st period - Snap shot by Yanni Gourde.
10:24 of 1st period - Goal by Yanni Gourde - Canucks : 1 - Bruins : 0.
10:25 of 1st period - Jonathan Toews wins face-off versus Chris Tierney in neutral zone.
10:27 of 1st period - Minor Penalty to Jason Demers for Boarding.
10:28 of 1st period - Gabriel Landeskog wins face-off versus Chris Tierney in Bruins zone.
10:50 of 1st period - Minor Penalty to Tony DeAngelo for Tripping.
10:51 of 1st period - Chris Tierney wins face-off versus Gabriel Landeskog in Canucks zone.
10:51 of 1st period - Chris Tierney is hit by Madison Bowey.
11:14 of 1st period - Icing by Oliver Ekman-Larsson.
11:15 of 1st period - Gabriel Landeskog wins face-off versus Chris Tierney in Canucks zone.
11:50 of 1st period - Yanni Gourde is hit by Adam Pelech and loses puck.
12:23 of 1st period - Ben Harpur is hit by Casey Cizikas and loses puck.
12:27 of 1st period - Penalty to Jason Demers is over, Jason Demers is back on ice.
12:36 of 1st period - Wrist shot by Jason Demers.
12:36 of 1st period - Stopped by Petr Mrazek with a rebound.
12:50 of 1st period - Penalty to Tony DeAngelo is over, Tony DeAngelo is back on ice.
12:50 of 1st period - Wrist shot by Jason Demers.
12:50 of 1st period - Stopped by Petr Mrazek with a rebound.
12:56 of 1st period - Snap shot by Jason Demers.
12:56 of 1st period - Shot Blocked by Brock Boeser.
12:58 of 1st period - Slapshot by Madison Bowey.
12:58 of 1st period - Stopped by Petr Mrazek without a rebound.
12:59 of 1st period - Alexander Wennberg wins face-off versus Chris Tierney in Canucks zone.
13:12 of 1st period - Slapshot by Mark Stone.
13:12 of 1st period - Shot Blocked by Oliver Ekman-Larsson.
13:49 of 1st period - Mark Jankowski is hit by Eric Wellwood and loses puck.
14:14 of 1st period - Wrist shot by Alexander Wennberg.
14:14 of 1st period - Stopped by Petr Mrazek with a rebound.
14:16 of 1st period - Wrist shot by Mark Stone.
14:16 of 1st period - Stopped by Petr Mrazek without a rebound.
14:17 of 1st period - Mark Stone wins face-off versus Gilbert Brule in Canucks zone.
14:32 of 1st period - Slapshot by Gilbert Brule.
14:32 of 1st period - Stopped by Kevin Poulin with a rebound.
14:38 of 1st period - Snap shot by Gilbert Brule.
14:38 of 1st period - Shot Misses the Net.
15:00 of 1st period - Mark Stone is hit by Tyler Kennedy.
15:04 of 1st period - Alexander Wennberg is hit by Mark Jankowski and loses puck.
15:17 of 1st period - Snap shot by Mark Stone.
15:17 of 1st period - Deflect By Alexander Wennberg.
15:17 of 1st period - Shot Misses the Net.
15:17 of 1st period - Puck is out of play.
15:18 of 1st period - Chris Tierney wins face-off versus Jonathan Toews in Canucks zone.
17:52 of 1st period - Wrist shot by J.T. Miller.
17:52 of 1st period - Shot Misses the Net.
17:54 of 1st period - Wrist shot by J.T. Miller.
17:54 of 1st period - Shot Blocked by Mattias Ekholm.
18:06 of 1st period - Alexander Wennberg is hit by Gilbert Brule and loses puck.
19:46 of 1st period - Yanni Gourde is hit by Adam Pelech.
19:54 of 1st period - Snap shot by Zack Kassian.
19:54 of 1st period - Stopped by Petr Mrazek with a rebound.
Goals for this period are 1 for Canucks vs 0 for Bruins.
Shots for this period are 7 for Canucks vs 11 for Bruins.
2nd period
0:01 of 2nd period - Chris Tierney wins face-off versus Jonathan Toews in neutral zone.
0:03 of 2nd period - Off-side.
0:04 of 2nd period - Jonathan Toews wins face-off versus Chris Tierney in neutral zone.
0:27 of 2nd period - Minor Penalty to Gabriel Landeskog for Holding.
0:28 of 2nd period - Chris Tierney wins face-off versus Andreas Athanasiou in Bruins zone.
2:27 of 2nd period - Penalty to Gabriel Landeskog is over, Gabriel Landeskog is back on ice.
2:50 of 2nd period - Icing by Tyler Cuma.
2:51 of 2nd period - Alexander Wennberg wins face-off versus Yanni Gourde in Canucks zone.
3:53 of 2nd period - Madison Bowey is hit by Travis Hamonic and loses puck.
5:03 of 2nd period - Minor Penalty to Jonathan Toews for Goalie Interference.
5:04 of 2nd period - Gabriel Landeskog wins face-off versus Chris Tierney in Bruins zone.
5:15 of 2nd period - Wrist shot by Gabriel Landeskog.
5:15 of 2nd period - Deflect By Chris Tierney.
5:15 of 2nd period - Stopped by Petr Mrazek with a rebound.
7:03 of 2nd period - Penalty to Jonathan Toews is over, Jonathan Toews is back on ice.
7:35 of 2nd period - Jason Demers is hit by Yanni Gourde and loses puck.
8:14 of 2nd period - Backhand shot by Gilbert Brule.
8:14 of 2nd period - Shot Misses the Net.
8:16 of 2nd period - Slapshot by Alex Goligoski.
8:16 of 2nd period - Stopped by Kevin Poulin with a rebound.
8:18 of 2nd period - Slapshot by Alex Goligoski.
8:18 of 2nd period - Shot Blocked by Adam Pelech.
9:49 of 2nd period - Slapshot by Adam Pelech.
9:49 of 2nd period - Stopped by Petr Mrazek without a rebound.
9:50 of 2nd period - John Quenneville wins face-off versus Chris Tierney in Canucks zone.
9:53 of 2nd period - Wrist shot by John Quenneville.
9:53 of 2nd period - Shot Blocked by Travis Hamonic.
10:03 of 2nd period - Snap shot by Jordan Eberle.
10:03 of 2nd period - Stopped by Kevin Poulin with a rebound.
10:25 of 2nd period - Snap shot by Gabriel Landeskog.
10:25 of 2nd period - Shot Misses the Net.
10:31 of 2nd period - Minor Penalty to Ben Harpur for Tripping.
10:32 of 2nd period - Jonathan Toews wins face-off versus Chris Tierney in Canucks zone.
11:30 of 2nd period - Snap shot by Jordan Eberle.
11:30 of 2nd period - Stopped by Kevin Poulin with a rebound.
11:32 of 2nd period - Slapshot by Tony DeAngelo.
11:32 of 2nd period - Stopped by Kevin Poulin with a rebound.
11:58 of 2nd period - Zack Kassian is hit by Tyler Cuma and loses puck.
12:14 of 2nd period - Icing by Mark Stone.
12:15 of 2nd period - Brock Boeser wins face-off versus Alexander Wennberg in Bruins zone.
12:31 of 2nd period - Penalty to Ben Harpur is over, Ben Harpur is back on ice.
12:54 of 2nd period - Eric Wellwood is hit by Chris Tierney and loses puck.
13:11 of 2nd period - Snap shot by Eric Wellwood.
13:11 of 2nd period - Stopped by Petr Mrazek with a rebound.
13:13 of 2nd period - Slapshot by Josh Manson.
13:13 of 2nd period - Shot Misses the Net.
13:15 of 2nd period - Wrist shot by Andreas Athanasiou.
13:15 of 2nd period - Shot Misses the Net.
13:17 of 2nd period - Slapshot by Torey Krug.
13:17 of 2nd period - Deflect By Oliver Ekman-Larsson.
13:17 of 2nd period - Stopped by Petr Mrazek with a rebound.
13:27 of 2nd period - Snap shot by Eric Wellwood.
13:27 of 2nd period - Shot Misses the Net.
13:38 of 2nd period - Slapshot by Andreas Athanasiou.
13:38 of 2nd period - Shot Misses the Net.
13:42 of 2nd period - Snap shot by Andreas Athanasiou.
13:42 of 2nd period - Shot Misses the Net.
13:44 of 2nd period - Slapshot by Casey Cizikas.
13:44 of 2nd period - Shot Blocked by Oliver Ekman-Larsson.
13:50 of 2nd period - Slapshot by Andreas Athanasiou.
13:50 of 2nd period - Goal by Andreas Athanasiou - Canucks : 1 - Bruins : 1.
13:51 of 2nd period - Jonathan Toews wins face-off versus Robert Nilsson in neutral zone.
13:56 of 2nd period - Wrist shot by Zack Kassian.
13:56 of 2nd period - Stopped by Petr Mrazek without a rebound.
13:57 of 2nd period - Denis Gurianov wins face-off versus Jonathan Toews in Canucks zone.
13:57 of 2nd period - Denis Gurianov is hit by Gabriel Landeskog.
14:46 of 2nd period - Snap shot by Oliver Ekman-Larsson.
14:46 of 2nd period - Stopped by Kevin Poulin without a rebound.
14:47 of 2nd period - John Quenneville wins face-off versus Gilbert Brule in Bruins zone.
14:56 of 2nd period - Wrist shot by Gilbert Brule.
14:56 of 2nd period - Shot Misses the Net.
15:08 of 2nd period - Slapshot by Gilbert Brule.
15:08 of 2nd period - Shot Misses the Net.
15:14 of 2nd period - Slapshot by Oliver Ekman-Larsson.
15:14 of 2nd period - Shot Misses the Net.
15:16 of 2nd period - Slapshot by Tyler Kennedy.
15:16 of 2nd period - Deflect By Gilbert Brule.
15:16 of 2nd period - Shot Misses the Net.
15:16 of 2nd period - Puck is out of play.
15:17 of 2nd period - Chris Tierney wins face-off versus Alexander Wennberg in Bruins zone.
15:30 of 2nd period - Wrist shot by Alexander Wennberg.
15:30 of 2nd period - Shot Blocked by Chris Tierney.
15:32 of 2nd period - Snap shot by Wojtek Wolski.
15:32 of 2nd period - Shot Misses the Net.
15:54 of 2nd period - Snap shot by Andreas Athanasiou.
15:54 of 2nd period - Stopped by Petr Mrazek without a rebound.
15:55 of 2nd period - Robert Nilsson wins face-off versus Jonathan Toews in Canucks zone.
16:08 of 2nd period - Snap shot by Denis Gurianov.
16:08 of 2nd period - Shot Misses the Net.
16:27 of 2nd period - Slapshot by Tony DeAngelo.
16:27 of 2nd period - Shot Misses the Net.
16:58 of 2nd period - Minor Penalty to Wojtek Wolski for Cross-checking.
16:59 of 2nd period - Chris Tierney wins face-off versus Gabriel Landeskog in Bruins zone.
17:07 of 2nd period - Wrist shot by J.T. Miller.
17:07 of 2nd period - Shot Misses the Net.
17:09 of 2nd period - Wrist shot by Tony DeAngelo.
17:09 of 2nd period - Stopped by Kevin Poulin without a rebound.
17:10 of 2nd period - Gabriel Landeskog wins face-off versus Chris Tierney in Bruins zone.
17:10 of 2nd period - Gabriel Landeskog is hit by Brock Boeser.
17:22 of 2nd period - Slapshot by Oliver Ekman-Larsson.
17:22 of 2nd period - Deflect By J.T. Miller.
17:22 of 2nd period - Shot Misses the Net.
17:22 of 2nd period - Puck is out of play.
17:23 of 2nd period - Zack Kassian wins face-off versus Chris Tierney in Bruins zone.
17:54 of 2nd period - Slapshot by Tony DeAngelo.
17:54 of 2nd period - Goal by Tony DeAngelo - Canucks : 2 - Bruins : 1.
17:55 of 2nd period - Chris Tierney wins face-off versus Jonathan Toews in neutral zone.
18:05 of 2nd period - Snap shot by Jordan Eberle.
18:05 of 2nd period - Shot Misses the Net.
18:09 of 2nd period - Wrist shot by J.T. Miller.
18:09 of 2nd period - Stopped by Kevin Poulin without a rebound.
18:10 of 2nd period - Jonathan Toews wins face-off versus Chris Tierney in Bruins zone.
18:23 of 2nd period - Wrist shot by Gabriel Landeskog.
18:23 of 2nd period - Shot Blocked by Tony DeAngelo.
18:25 of 2nd period - Slapshot by Jonathan Toews.
18:25 of 2nd period - Shot Misses the Net.
18:35 of 2nd period - Oliver Ekman-Larsson is hit by Casey Cizikas and loses puck.
18:48 of 2nd period - Wrist shot by Casey Cizikas.
18:48 of 2nd period - Shot Blocked by Oliver Ekman-Larsson.
18:54 of 2nd period - Minor Penalty to Tony DeAngelo for Tripping.
18:55 of 2nd period - Jonathan Toews wins face-off versus J.T. Miller in Canucks zone.
Goals for this period are 1 for Canucks vs 1 for Bruins.
Shots for this period are 8 for Canucks vs 7 for Bruins.
3rd period
0:01 of 3rd period - Chris Tierney wins face-off versus Zack Kassian in neutral zone.
0:38 of 3rd period - Wrist shot by Wojtek Wolski.
0:38 of 3rd period - Stopped by Petr Mrazek with a rebound.
0:40 of 3rd period - Wrist shot by Alexander Wennberg.
0:40 of 3rd period - Shot Blocked by Ben Harpur.
0:54 of 3rd period - Penalty to Tony DeAngelo is over, Tony DeAngelo is back on ice.
1:08 of 3rd period - Slapshot by Yanni Gourde.
1:08 of 3rd period - Stopped by Kevin Poulin without a rebound.
1:09 of 3rd period - Alexander Wennberg wins face-off versus Denis Gurianov in Bruins zone.
1:09 of 3rd period - Wojtek Wolski is hit by Oliver Ekman-Larsson and loses puck.
1:12 of 3rd period - Minor Penalty to Mark Stone for Interference.
1:13 of 3rd period - Gabriel Landeskog wins face-off versus Chris Tierney in Bruins zone.
1:48 of 3rd period - Snap shot by Yanni Gourde.
1:48 of 3rd period - Shot Misses the Net.
2:12 of 3rd period - Gabriel Landeskog is hit by Brock Boeser and loses puck.
2:44 of 3rd period - Wrist shot by Torey Krug.
2:44 of 3rd period - Stopped by Petr Mrazek with a rebound.
3:12 of 3rd period - Penalty to Mark Stone is over, Mark Stone is back on ice.
3:20 of 3rd period - Icing by Mark Stone.
3:21 of 3rd period - Gilbert Brule wins face-off versus Gabriel Landeskog in Bruins zone.
3:22 of 3rd period - Snap shot by Tyler Cuma.
3:22 of 3rd period - Shot Blocked by Madison Bowey.
3:28 of 3rd period - Slapshot by Zack Kassian.
3:28 of 3rd period - Shot Blocked by Tyler Kennedy.
3:30 of 3rd period - Wrist shot by Zack Kassian.
3:30 of 3rd period - Shot Misses the Net.
3:32 of 3rd period - Snap shot by Mark Stone.
3:32 of 3rd period - Shot Misses the Net.
3:44 of 3rd period - Slapshot by Zack Kassian.
3:44 of 3rd period - Stopped by Petr Mrazek without a rebound.
3:45 of 3rd period - Casey Cizikas wins face-off versus Robert Nilsson in Canucks zone.
4:02 of 3rd period - Casey Cizikas is hit by Oliver Ekman-Larsson and loses puck.
4:17 of 3rd period - Slapshot by Tony DeAngelo.
4:17 of 3rd period - Stopped by Kevin Poulin without a rebound.
4:18 of 3rd period - Alexander Wennberg wins face-off versus Chris Tierney in Bruins zone.
4:27 of 3rd period - Wrist shot by Wojtek Wolski.
4:27 of 3rd period - Stopped by Petr Mrazek without a rebound.
4:28 of 3rd period - Jonathan Toews wins face-off versus Chris Tierney in Canucks zone.
4:33 of 3rd period - Snap shot by Zack Kassian.
4:33 of 3rd period - Deflect By Jonathan Toews.
4:33 of 3rd period - Shot Misses the Net.
4:33 of 3rd period - Puck is out of play.
4:34 of 3rd period - Jonathan Toews wins face-off versus Chris Tierney in Canucks zone.
4:38 of 3rd period - Minor Penalty to J.T. Miller for Holding.
4:39 of 3rd period - Chris Tierney wins face-off versus Jonathan Toews in Canucks zone.
4:47 of 3rd period - Wrist shot by Zack Kassian.
4:47 of 3rd period - Stopped by Petr Mrazek with a rebound.
4:49 of 3rd period - Snap shot by Zack Kassian.
4:49 of 3rd period - Stopped by Petr Mrazek with a rebound.
4:51 of 3rd period - Backhand shot by Madison Bowey.
4:51 of 3rd period - Shot Misses the Net.
4:53 of 3rd period - Wrist shot by Zack Kassian.
4:53 of 3rd period - Goal by Zack Kassian - Canucks : 2 - Bruins : 2.
4:54 of 3rd period - Gabriel Landeskog wins face-off versus Chris Tierney in neutral zone.
5:44 of 3rd period - Wrist shot by Denis Gurianov.
5:44 of 3rd period - Goal by Denis Gurianov - Canucks : 3 - Bruins : 2.
5:45 of 3rd period - Chris Tierney wins face-off versus Alexander Wennberg in neutral zone.
5:51 of 3rd period - Minor Penalty to Mark Stone for Interference.
5:52 of 3rd period - Gabriel Landeskog wins face-off versus Chris Tierney in Bruins zone.
6:07 of 3rd period - Snap shot by Brock Boeser.
6:07 of 3rd period - Shot Blocked by Gabriel Landeskog.
6:09 of 3rd period - Snap shot by Tony DeAngelo.
6:09 of 3rd period - Stopped by Kevin Poulin without a rebound.
6:10 of 3rd period - Chris Tierney wins face-off versus Gabriel Landeskog in Bruins zone.
6:35 of 3rd period - Snap shot by Alexander Wennberg.
6:35 of 3rd period - Deflect By Jonathan Toews.
6:35 of 3rd period - Shot Blocked by Denis Gurianov.
6:35 of 3rd period - Puck is out of play.
6:36 of 3rd period - Yanni Gourde wins face-off versus Jonathan Toews in Canucks zone.
6:41 of 3rd period - Slapshot by Oliver Ekman-Larsson.
6:41 of 3rd period - Goal by Oliver Ekman-Larsson - Canucks : 4 - Bruins : 2.
6:42 of 3rd period - Jordan Eberle wins face-off versus Gabriel Landeskog in neutral zone.
6:53 of 3rd period - Wrist shot by Jordan Eberle.
6:53 of 3rd period - Stopped by Kevin Poulin with a rebound.
6:55 of 3rd period - Snap shot by J.T. Miller.
6:55 of 3rd period - Stopped by Kevin Poulin without a rebound.
6:56 of 3rd period - Jonathan Toews wins face-off versus Chris Tierney in Bruins zone.
7:11 of 3rd period - Wrist shot by Zack Kassian.
7:11 of 3rd period - Stopped by Petr Mrazek without a rebound.
7:12 of 3rd period - Chris Tierney wins face-off versus Alexander Wennberg in Canucks zone.
7:25 of 3rd period - Wrist shot by Wojtek Wolski.
7:25 of 3rd period - Shot Misses the Net.
7:27 of 3rd period - Snap shot by Wojtek Wolski.
7:27 of 3rd period - Stopped by Petr Mrazek with a rebound.
7:29 of 3rd period - Slapshot by Jason Demers.
7:29 of 3rd period - Shot Blocked by Chris Tierney.
8:04 of 3rd period - Snap shot by Matt Martin.
8:04 of 3rd period - Stopped by Kevin Poulin with a rebound.
8:55 of 3rd period - Backhand shot by Eric Wellwood.
8:55 of 3rd period - Deflect By Casey Cizikas.
8:55 of 3rd period - Stopped by Petr Mrazek without a rebound.
8:56 of 3rd period - Jonathan Toews wins face-off versus Chris Tierney in Canucks zone.
9:23 of 3rd period - Wojtek Wolski is hit by Denis Gurianov and loses puck.
10:42 of 3rd period - Minor Penalty to Robert Nilsson for Tripping.
10:43 of 3rd period - Chris Tierney wins face-off versus Jonathan Toews in Canucks zone.
12:07 of 3rd period - Madison Bowey is hit by Travis Hamonic and loses puck.
12:42 of 3rd period - Penalty to Robert Nilsson is over, Robert Nilsson is back on ice.
12:53 of 3rd period - Snap shot by Robert Nilsson.
12:53 of 3rd period - Shot Misses the Net.
13:27 of 3rd period - Wrist shot by Brock Boeser.
13:27 of 3rd period - Shot Blocked by Gabriel Landeskog.
13:29 of 3rd period - Slapshot by Brock Boeser.
13:29 of 3rd period - Deflect By Robert Nilsson.
13:29 of 3rd period - Shot Blocked by Mattias Ekholm.
13:29 of 3rd period - Puck is out of play.
13:30 of 3rd period - Mark Stone wins face-off versus Yanni Gourde in Bruins zone.
13:35 of 3rd period - Wrist shot by Yanni Gourde.
13:35 of 3rd period - Stopped by Kevin Poulin with a rebound.
13:37 of 3rd period - Snap shot by Jason Spezza.
13:37 of 3rd period - Deflect By Yanni Gourde.
13:37 of 3rd period - Stopped by Kevin Poulin with a rebound.
13:39 of 3rd period - Slapshot by Alex Goligoski.
13:39 of 3rd period - Shot Misses the Net.
13:41 of 3rd period - Wrist shot by Alex Goligoski.
13:41 of 3rd period - Stopped by Kevin Poulin with a rebound.
13:43 of 3rd period - Wrist shot by Yanni Gourde.
13:43 of 3rd period - Stopped by Kevin Poulin with a rebound.
13:45 of 3rd period - Snap shot by Tyler Cuma.
13:45 of 3rd period - Shot Blocked by Mark Stone.
13:55 of 3rd period - Alex Goligoski is hit by Andreas Athanasiou and loses puck.
14:24 of 3rd period - Zack Kassian is hit by Matt Martin and loses puck.
15:16 of 3rd period - Icing by Tyler Kennedy.
15:17 of 3rd period - Alexander Wennberg wins face-off versus Gilbert Brule in Canucks zone.
15:27 of 3rd period - Ben Harpur is hit by Adam Pelech and loses puck.
16:04 of 3rd period - Snap shot by Jonathan Toews.
16:04 of 3rd period - Shot Misses the Net.
16:30 of 3rd period - Wrist shot by J.T. Miller.
16:30 of 3rd period - Shot Misses the Net.
16:42 of 3rd period - Tyler Cuma is hit by Jason Demers and loses puck.
17:11 of 3rd period - Slapshot by Torey Krug.
17:11 of 3rd period - Shot Misses the Net.
17:17 of 3rd period - Andreas Athanasiou is hit by Jordan Eberle.
17:42 of 3rd period - Torey Krug is hit by Oliver Ekman-Larsson and loses puck.
18:51 of 3rd period - Adam Pelech is hit by Robert Nilsson and loses puck.
19:43 of 3rd period - Mark Jankowski is hit by Jason Demers and loses puck.
Goals for this period are 2 for Canucks vs 1 for Bruins.
Shots for this period are 12 for Canucks vs 10 for Bruins.